AoeStats
← EDGE777

Arena

510189141Analyzed
1v1 RM · 4d ago on Sep 29, 2026· 43m 50s· 2 players
Game mode
Random Map
Map size
Tiny (2 player)
Population
200
Speed
Normal
Resources
Standard
Victory
Conquest
Starting age
Dark Age
Ending age
Imperial Age
RankedLock teamsTeams togetherTeam positionsShared explorationLock speedFull tech treeHidden civsTurbo modeCheats
Victory
Defeat
🇵🇪 Ethiopians · Peru
752
+15
🇺🇸 Teutons · United States
727
-15
Herr Samsa
3:04 Loom
8:18 Loom
10:03 Feudal Age
11:29 Double-Bit Axe
11:26 Horse Collar
14:41 Loom
17:13 Castle Age
15:42 Gold Mining
15:43 Stone Mining
28:29 Scale Barding Armor
31:00 Forging
31:36 Bloodlines
34:33 Pikeman
39:45 Imperial Age
39:02 Stone Shaft Mining
39:30 Bow Saw
39:11 Gambesons
39:45 Man-at-Arms
43:17 Long Swordsman
EDGE777
10:50 Feudal Age
11:20 Double-Bit Axe
11:17 Horse Collar
11:28 Gold Mining
16:10 Castle Age
14:44 Stone Mining
17:04 Bow Saw
22:14 Heavy Plow
25:29 Scale Mail Armor
27:34 Wheelbarrow
28:18 Gold Shaft Mining
28:18 Stone Shaft Mining
31:33 Hand Cart
34:41 Imperial Age
34:29 Stone Shaft Mining
34:47 Loom
34:52 Halberdier
36:03 Ballistics
36:38 Elite Shotel Warrior
38:33 Two-Man Saw
39:37 Chain Mail Armor
Connection lost

Rejoining the realm…

Still unreachable

The connection could not be restored.

Session expired

The server has moved on; the page needs a fresh start.